 Dungeon Crawl Stone Soup version 0.24.0-123-gd5b16e6ec5 (webtiles) character file.

Game seed: 5939237326500532304, levelgen mode: deterministic

60 Descartes the Magician (level 3, -2/16 HPs)
             Began as a Spriggan Wizard on Dec 26, 2019.
             Killed from afar by an orc wizard (7 damage)
             ... with a magic dart
             ... on level 2 of the Dungeon.
             The game lasted 00:08:20 (3595 turns).

Descartes the Magician (Spriggan Wizard)            Turns: 3595, Time: 00:08:21

Health: -2/16      AC:  2    Str:  4    XL:     3   Next: 80%
Magic:  6/10       EV: 18    Int: 19    God:
Gold:   164        SH:  0    Dex: 14    Spells: 11/12 levels left

rFire    . . .     SeeInvis +   l - +0 dagger
rCold    . . .     Gourm    .   (shield restricted)
rNeg     . . .     Faith    .   a - +0 robe
rPois    .         Spirit   .   b - +0 hat
rElec    .         Reflect  .   (no cloak)
rCorr    .         Harm     .   (gloves unavailable)
MR       .....                  (boots unavailable)
Stlth    ++........             (no amulet)
HPRegen  0.05/turn              (no ring)
MPRegen  0.12/turn              (no ring)

@: very quick
A: very small, unfitting armour, see invisible, herbivore, speed 3, slow
metabolism 2
a: no special abilities


You were on level 2 of the Dungeon.
You were not hungry.

You visited 1 branch of the dungeon, and saw 3 of its levels.

You collected 164 gold pieces.

Inventory:

Hand Weapons
 l - a +0 dagger (weapon)
 t - a +0 vampiric short sword
Missiles
 c - 8 poisoned darts (quivered)
 f - 13 sling bullets
 j - 100 stones
 k - 34 bolts
 s - 16 arrows
Armour
 a - a +0 robe (worn)
 b - a +0 hat (worn)
Jewellery
 e - an uncursed ring of protection from magic {unknown}
Scrolls
 g - 2 scrolls of remove curse {unknown}
 h - a scroll of fog {unknown}
 i - 5 scrolls of identify {unknown}
 m - a scroll of blinking {unknown}
 p - a scroll of immolation {unknown}
 r - a scroll of teleportation {unknown}
Potions
 n - a potion of haste {unknown}
 o - a potion of curing
 q - a potion of heal wounds {unknown}
Comestibles
 d - 3 rations


   Skills:
 + Level 3.4 Dodging
 + Level 3.7 Stealth
 + Level 5.2 Spellcasting
 + Level 1.2 Conjurations
   Level 0.7 Summonings
   Level 1.5 Translocations


You had 11 spell levels left.
You knew the following spells:

 Your Spells              Type           Power        Failure   Level  Hunger
a - Magic Dart            Conj           #...         7%          1    None

Your spell library contained the following spells:

 Spells                   Type           Power        Failure   Level  Hunger
 Blink                    Tloc           N/A          10%         2    #......
 Call Imp                 Summ           #.......     14%         2    #......
 Slow                     Hex            #.......     19%         2    #......
 Conjure Flame            Conj/Fire      #.......     28%         3    ##.....
 Mephitic Cloud           Conj/Pois/Air  #.......     30%         3    ##.....


Dungeon Overview and Level Annotations

Branches:
Dungeon (3/15)

Altars:
Gozag

Annotations:
D:3 NikiYani's ghost, amateur OpFE


Innate Abilities, Weirdness & Mutations

You are very small and have problems with some larger weapons.
You are too small for most types of armour.
You have supernaturally acute eyesight. (SInv)
You are a herbivore.
You cover ground extremely quickly.
You need to consume almost no food.


Message History

You closely miss the orc wizard.
The orc wizard is moderately wounded.
The orc wizard completely misses you.
You hit the orc wizard.
The orc wizard is heavily wounded.
The orc wizard casts a spell at you.
You are confused.
You're too confused to move!
The orc wizard hits you but does no damage.
You bump into the rock wall.
The orc wizard completely misses you.
You barely miss the orc wizard.
The orc wizard is heavily wounded.
The orc wizard gestures at you while chanting.
The puff of flame hits you!
You're too confused to move!
The orc wizard closely misses you.
You bump into the rock wall.
You feel less confused. The orc wizard casts a spell at you.
The magic dart hits you!
You die...

#.# #.# #.# # #.###.# #.# #
#.....# #.##### #.#####
#.#.... #.# #.#.### #.# #.#.#
#.# #.#.### #######.# #..>.##
#...@o>.# ###..#. #######
#.#####.# #..#. #.....# #.#
#.# #..#. #.....###.# ##.##
#..#. #.........####...######
#..#.
#.....###.............###....
#.....# #.####...####...s....
###.### #.# ##.## ######.#.
#.# #.# ###.# #...


You could see an orc wizard.

Vanquished Creatures
  An adder (D:2)
  A dart slug (D:3)
  2 orcs (D:3)
  6 bats
  4 goblins
  5 hobgoblins
  3 jackals (D:2)
  11 kobolds
  2 ball pythons
  4 frilled lizards
  4 rats
43 creatures vanquished.

Notes
Turn   | Place    | Note
-------+----------+-------------------------------------------
     0 | D:1      | Descartes the Spriggan Wizard began the quest for the Orb.
     0 | D:1      | Reached XP level 1. HP: 9/9 MP: 6/6
   710 | D:1      | Reached XP level 2. HP: 13/13 MP: 4/8
  1880 | D:2      | Reached XP level 3. HP: 13/16 MP: 5/10
  1967 | D:2      | You fall into a shaft and drop 1 floor!
  1970 | D:3      | Reached skill level 5 in Spellcasting
  2092 | D:2      | Reached skill level 1 in Conjurations
  2981 | D:3      | Noticed a scorpion
  3553 | D:3      | Found a runed translucent gate.
  3558 | D:3      | Found a runed translucent gate.
  3558 | D:3      | Found an opulent altar of Gozag.
  3559 | D:3      | Found a runed translucent gate.
  3561 | D:3      | Noticed NikiYani's ghost (amateur OpFE)
  3595 | D:2      | Killed from afar by an orc wizard

Levels and vault maps discovered:
D:1:      scummos_arrival_checkerplants, layout_basic, minmay_hedge_maze,
          serial_bayou_lagoon_a, hangedman_decor_growths
D:2:      layout_loops_ring, kennysheep_generic_room_4
D:3:      layout_basic, ebering_ghost_gozag

Skill      XL: |  1  2  3 |
---------------+----------+-----
Spellcasting   | 5 |  5.2
Conjurations   | 1 |  1.2
Dodging        | |  3.4
Stealth        | |  3.7
Summonings     | |  0.7
Translocations | |  1.5

Action                   || total
-------------------------++-------
Melee: Dagger            ||    12
 Cast: Magic Dart        ||   142
  Use: Potion            ||     2
Armor: Robe              ||     3
Dodge: Dodged            ||    43
